 Dungeon Crawl Stone Soup version 0.30.1-3-gfc49f6343a (webtiles) character file.

Game seed: 958853645926416887

1285 Zeor the Skirmisher (level 8, -20/68 HPs)
             Began as a Minotaur Hunter on Aug 4, 2023.
             Was a Believer of Zin.
             Killed from afar by an acid dragon (28 damage)
             ... with a splash of acid
             ... on level 5 of the Dungeon.
             The game lasted 00:10:59 (4379 turns).

Zeor the Skirmisher (Minotaur Hunter)               Turns: 4379, Time: 00:10:59

Health: -20/68     AC: -3    Str: 16    XL:     8   Next: 29%
Magic:  7/9        EV: 13    Int:  7    God:    Zin [**....]
Gold:   238        SH:  0    Dex: 18    Spells: 7/7 levels left

rFire   . . .        b - +0 long sword (holy)
rCold   . . .        (no shield)
rNeg    . . .        c - +1 leather armour
rPois   ∞            (helmet restricted)
rElec   .            (no cloak)
rCorr   .            (no gloves)
SInv    .            (no boots)
Will    .....        (no amulet)
Stlth   ++           (no ring)
HPRegen 0.31/turn    (no ring)
MPRegen 0.11/turn

%: no passive effects
@: vitalised, corroded
A: horns 2, retaliatory headbutt
a: Renounce Religion, Recite, Vitalisation, Donate Gold


You were on level 5 of the Dungeon.
You worshipped Zin.
Zin was pleased with you.
You visited 1 branch of the dungeon, and saw 5 of its levels.

You collected 308 gold pieces.
You spent 44 gold pieces at shops.
You donated 26 gold pieces to Zin.

Inventory:

Hand Weapons
 a - a +0 shortbow
 b - a +0 long sword of holy wrath (weapon)
 p - a +2 mace of protection
Missiles
 o - a curare-tipped dart
Armour
 c - a +1 leather armour (worn)
Jewellery
 h - a ring of magical power
Scrolls
 d - 2 scrolls of immolation
 j - a scroll of teleportation
 l - a scroll of blinking
 m - a scroll of enchant armour
 n - a scroll of butterflies
Potions
 e - 3 potions of haste
 f - a potion of cancellation
 i - 5 potions of curing


   Skills:
 + Level 5.3 Fighting
 + Level 0.5 Long Blades
 + Level 2.6 Maces & Flails
 + Level 9.0 Ranged Weapons
 + Level 3.0 Armour
 + Level 3.1 Dodging
 + Level 1.0 Stealth
 * Level 3.6 Invocations


You had 7 spell levels left.
You didn't know any spells.
Your spell library contained the following spells:

 Spells                   Type           Power      Damage    Failure   Level
 Apportation              Tloc           0%         N/A       50%         1
 Necrotise                Necr           0%         1d4       50%         1
 Summon Small Mammal      Summ           0%         N/A       50%         1


Dungeon Overview and Level Annotations

Branches:
Dungeon (5/15)             Temple (0/1) D:5

Altars:
Fedhas
Makhleb
Okawaru
Uskayaw
Vehumet
Yredelemnul
Zin

Shops:
D:1 ?

Annotations:
D:4 3 runed translucent doors, OlManJenkins's ghost, amateur DjIE
D:5 4 runed translucent doors


Innate Abilities, Weirdness & Mutations

You have a pair of horns on your head.
You reflexively headbutt those who attack you in melee.


Message History

You headbutt the acid dragon. The acid dragon claws you.
* * * LOW HITPOINT WARNING * * *
You barely miss the acid dragon. Your headbutt misses the acid dragon.
The acid dragon is lightly wounded.
The acid dragon closely misses you. You furiously retaliate!
You headbutt the acid dragon. The acid dragon barely misses you.
The acid dragon spits acid at you. The splash of acid hits you!
* * * LOW HITPOINT WARNING * * *
The acid corrodes you!
You feel much better. The acid dragon bites you!
The acid dragon closely misses you.
You barely miss the acid dragon. You headbutt the acid dragon.
The acid dragon is heavily wounded.
The acid dragon bites you!
* * * LOW HITPOINT WARNING * * *
The acid dragon claws you.
* * * LOW HITPOINT WARNING * * *
Zin grants you divine stamina. The acid dragon bites you!
* * * LOW HITPOINT WARNING * * *
The acid dragon barely misses you.
You feel much better. The acid dragon completely misses you.
You furiously retaliate!
You headbutt the acid dragon, but do no damage.
The acid dragon claws you.
You hit the acid dragon but do no damage.
The acid dragon is heavily wounded.
The acid dragon bites you.
* * * LOW HITPOINT WARNING * * *
The acid dragon closely misses you.
You hit the acid dragon. You headbutt the acid dragon.
The acid dragon is severely wounded.
The acid dragon bites you!
* * * LOW HITPOINT WARNING * * *
The acid dragon claws you.
* * * LOW HITPOINT WARNING * * *
The acid dragon spits acid at you. The splash of acid hits you!!
You die...

▒▒▒▒▒▒▒▒▒▒▒▒▒▒▒▒
▒▒▒▒▒▒∙∙∙∙∙∙∙∙∙∙∙∙∙∙▒▒
▒▒∙∙∙∙∙∙∙∙∙∙∙∙∙∙∙∙▒▒∙∙▒▒▒
▒∙∙▒▒▒▒▒▒∙∙▒▒▒▒▒▒∙∙▒▒∙∙∙▒
▒▒∙▒▒∙∙∙∙▒▒▒▒∙∙DH▒▒∙∙∙∙▒∙▒
∙∙∙▒)▒∙▒▒∙▒▒∙∙▒▒▒∙▒∙∙▒▒▒∙▒
∙▒∙▒∙▒∙∙▒▒▒▒ ▒▒∙▒∙▒∙∙▒ ▒∙▒
▒▒\▒∙▒▒▒∙∙▒ ▒∙▒▒∙▒∙▒▒ ▒∙▒
▒▒∙▒∙▒∙▒▒∙▒ ▒▒∙▒∙▒∙▒ ▒∙▒
▒▒∙▒▒∙▒∙▒▒▒ ▒∙∙∙▒▒∙▒▒ ▒∙▒ ▒▒▒
▒▒∙∙▒▒▒'▒ ▒'▒▒▒∙∙∙▒ ▒∙▒▒▒▒▒∙∙∙
∙▒▒∙∙∙∙∙▒▒▒▒▒▒∙∙∙∙∙▒∙▒▒▒∙∙∙∙∙∙∙∙∙
∙▒▒▒▒▒∙▒▒8)[8▒▒∙▒▒▒▒∙∙∙∙∙▒▒▒▒∙∙∙∙


You could see an acid dragon (catching breath).

Vanquished Creatures
  A sky beast (D:5)
  2 black bears (D:5)
  2 ogres (D:5)
  2 phantoms (D:5)
  A kobold brigand (D:5)
  A scorpion (D:5)
  2 howler monkeys (D:5)
  5 hounds (D:5)
  2 orc priests (D:4)
  Jessica (D:3)
  3 iguanas
  An orc wizard (D:4)
  9 adders
  A white imp (D:4)
  A worm (D:4)
  2 dart slugs
  2 orcs
  9 ball pythons
  4 bats
  6 endoplasms
  3 giant cockroaches
  3 goblins
  A hobgoblin (D:3)
  9 jackals
  4 quokkas
  A frilled lizard (D:2)
  4 kobolds
  5 rats
87 creatures vanquished.

Vanquished Creatures (others)
  A hobgoblin (D:3)
1 creature vanquished.

Grand Total: 88 creatures vanquished

Notes
Turn   | Place    | Note
-------+----------+-------------------------------------------
     0 | D:1      | Zeor the Minotaur Hunter began the quest for the Orb.
     0 | D:1      | Reached XP level 1. HP: 18/18 MP: 0/0
   143 | D:1      | Reached XP level 2. HP: 21/25 MP: 1/1
   169 | D:1      | Reached skill level 5 in Ranged Weapons
   474 | D:1      | Found The Oracle's Delphic Readings.
   479 | D:1      | Bought a scroll of identify for 22 gold pieces
   479 | D:1      | Bought a scroll of identify for 22 gold pieces
  1111 | D:2      | Reached XP level 3. HP: 30/30 MP: 2/2
  1153 | D:2      | Reached XP level 4. HP: 37/37 MP: 3/3
  1243 | D:2      | Found a burning altar of Makhleb.
  1261 | D:2      | Reached skill level 6 in Ranged Weapons
  1343 | D:2      | Reached skill level 1 in Armour
  1822 | D:3      | Noticed Jessica
  1836 | D:3      | Killed Jessica
  2156 | D:3      | Noticed a human
  2157 | D:3      | Found a runed translucent door.
  2162 | D:3      | Found a basalt altar of Yredelemnul.
  2477 | D:4      | Found a glowing silver altar of Zin.
  2495 | D:4      | Reached XP level 5. HP: 23/45 MP: 4/4
  2653 | D:4      | Became a worshipper of Zin the Law-Giver
  2653 | D:4      | Reached * piety under Zin
  2842 | D:4      | Found a runed translucent gate.
  2842 | D:4      | Found a runed translucent gate.
  2842 | D:4      | Found a runed translucent gate.
  2843 | D:4      | Noticed OlManJenkins's ghost (amateur DjIE)
  2902 | D:4      | Reached skill level 7 in Ranged Weapons
  2902 | D:4      | Reached XP level 6. HP: 52/52 MP: 5/5
  3057 | D:4      | Found a radiant altar of Vehumet.
  3076 | D:4      | Found a hide-covered altar of Uskayaw.
  3290 | D:5      | Entered Level 5 of the Dungeon
  3297 | D:5      | Reached skill level 1 in Invocations
  3318 | D:5      | Found a staircase to the Ecumenical Temple.
  3324 | D:5      | Found a large runed translucent door.
  3548 | D:5      | Reached skill level 1 in Maces & Flails
  3567 | D:5      | Reached XP level 7. HP: 53/59 MP: 7/7
  3657 | D:5      | Reached skill level 8 in Ranged Weapons
  3785 | D:5      | Found a large runed translucent door.
  3786 | D:5      | Found a large runed translucent door.
  3788 | D:5      | Noticed a steam dragon
  3789 | D:5      | Noticed a shadow
  3811 | D:5      | Found a large runed translucent door.
  3854 | D:5      | Reached ** piety under Zin
  3960 | D:5      | Reached XP level 8. HP: 36/67 MP: 9/9
  3968 | D:5      | Reached skill level 5 in Fighting
  4150 | D:5      | Found a blossoming altar of Fedhas.
  4150 | D:5      | Found an iron altar of Okawaru.
  4372 | D:5      | Reached skill level 9 in Ranged Weapons
  4372 | D:5      | Reached skill level 1 in Stealth
  4379 | D:5      | Killed from afar by an acid dragon

Illustrated notes

Levels and vault maps discovered:
D:1:      dpeg_arrival_houses_and_road, layout_loops_ring, serial_bayou,
          serial_bayou_lake_a, serial_bayou_lagoon_b, serial_bayou_lagoon_a,
          serial_bayou_shore_b, nicolae_nh_oracle_at_delphi
D:2:      layout_rooms, basic_altar, chequers_big_river
D:3:      layout_loops_ring, dk_yredelemnul_ordeal, nrook_mini_vaults,
          uniq_jessica
D:4:      layout_cave_pools, mainiacjoe_overflow_concentric_impassable,
          nicolae_vehumet_altar_sigil, nicolae_overflow_crystal_walls,
          gammafunk_ghost_necromancy
D:5:      layout_rooms, gammafunk_temple_overflow_statue,
          minmay_temple_entry_gardened_gates, minmay_hollow_rounded_squares

Skill      XL: |  1  2  3  4  5  6  7  8 |
---------------+-------------------------+-----
Ranged Weapons | 5 6 7 8 9 |  9.0
Fighting       | 3 4 5 |  5.3
Armour         | 1 2 3 |  3.0
Invocations    | 2 3 |  3.6
Maces & Flails | 1 2 |  2.6
Dodging        | 3 |  3.1
Stealth        | 1 |  1.0
Long Blades    | |  0.5

Action                     |  1- 3 |  4- 6 |  7- 9 || total
---------------------------+-------+-------+-------++-------
  Melee: Mace              |       |    28 |    24 ||    52
         Headbutt          |       |     4 |    13 ||    17
         Long sword        |       |       |    21 ||    21
   Fire: Shortbow          |    74 |   126 |    49 ||   249
 Invoke: Vitalisation      |       |       |     2 ||     2
    Use: Scroll            |     5 |     8 |     1 ||    14
         Potion            |     2 |       |     2 ||     4
 Armour: Leather armour    |    10 |    23 |    36 ||    69
  Dodge: Dodged            |    24 |    44 |    44 ||   112
